 Dungeon Crawl Stone Soup version 0.31-a0-986-g5e6e4ef867 (webtiles) character file.

Game seed: 4832815078496693327

10510 Gelion the Fighter (level 11, -7/87 HPs)
             Began as a Djinni Conjurer on Nov 14, 2023.
             Mangled by a great orb of eyes simulacrum (31 damage)
             ... in an ice cave.
             The game lasted 00:47:09 (13669 turns).

Gelion the Fighter (Djinni Conjurer)               Turns: 13669, Time: 00:47:10

Health: -7/87      AC: 10    Str:  6    XL:     11   Next: 94%
Gold:   533        EV: 12    Int: 25    God:
                   SH:  5    Dex: 13

rFire   + . .        u - staff of conjuration
rCold   . . .        (no shield)
rNeg    . . .        D - +2 steam dragon scales
rPois   ∞            (no helmet)
rElec   .            k - +2 cloak
rCorr   +            (no gloves)
SInv    .            (boots unavailable)
Will    +....        B - amulet "Jaesuops" {Reflect rPois rCorr SH+5 Stlth+}
Stlth   +++          i - ring "Cupeuk" {Ice +Blink Int+2}
HPRegen 0.34/turn    (no ring)
MPRegen 0.00/turn

%: reflection, infuse magic (-8 HP)
@: flying, hasted, very quick
A: sickness immunity, fire resistance 2, cold vulnerability 1, float, innate
caster, HP casting, extra vitality 1
a: Evoke Blink


You were in an ice cave.
You visited 3 branches of the dungeon, and saw 12 of its levels.
You also visited: Bailey and Ice Cave.

You collected 1177 gold pieces.
You spent 644 gold pieces at shops.

Inventory:

Armour
 k - a +2 cloak (worn)
 D - +2 steam dragon scales (worn)
Magical Staves
 u - a staff of conjuration (weapon)
Jewellery
 i - the ring "Cupeuk" (left hand) {Ice +Blink Int+2}
   (You found it on level 3 of the Dungeon)

   [ring of ice]

   Ice:       It enhances your ice magic.
   Int+2:     It affects your intelligence (+2).
   rF-:       It makes you vulnerable to fire.
   rC+:       It protects you from cold.
   +Blink:    It lets you blink.
 B - the amulet "Jaesuops" (around neck) {Reflect rPois rCorr SH+5 Stlth+}
   (You bought it in a shop on level 5 of the Dungeon)

   [amulet of reflection]

   Reflect:   It reflects blocked missile attacks.
   rPois:     It protects you from poison rCorr: It protects you from acid and
   corrosion.
   SH+5:      It affects your SH (+5).
   Stlth+:    It makes you more stealthy.
Wands
 o - a wand of polymorph (13)
 y - a wand of digging (6)
 C - a wand of mindburst (9)
Scrolls
 f - a scroll of butterflies
 r - 3 scrolls of teleportation
 s - 4 scrolls of fog
 t - 2 scrolls of vulnerability
 z - 2 scrolls of enchant weapon
 A - a scroll of torment
Potions
 b - 3 potions of resistance
 c - 2 potions of brilliance
 d - 6 potions of curing
 e - 2 potions of lignification
 g - a potion of ambrosia {unknown}
 h - a potion of magic {unknown}
 m - a potion of mutation {unknown}
 n - 3 potions of haste
 p - 3 potions of might {unknown}
 v - 2 potions of degeneration {unknown}
 w - a potion of invisibility {unknown}
 x - 3 potions of berserk rage {unknown}


   Skills:
 + Level 11.1 Fighting
 + Level 9.4 Staves
 - Level 2.1 Dodging
 - Level 1.5 Stealth
 + Level 8.2 Spellcasting
 + Level 8.2 Conjurations
 + Level 8.2 Hexes
 + Level 8.2 Summonings
 + Level 8.2 Necromancy
 + Level 8.2 Translocations
 + Level 8.2 Transmutations
 + Level 8.2 Fire Magic
 + Level 8.2 Ice Magic
 + Level 8.2 Air Magic
 + Level 8.2 Earth Magic
 + Level 8.2 Poison Magic


You knew the following spells:

 Your Spells              Type           Power      Damage    Failure   Level
a - Magic Dart            Conj           100%       1d8       1%          1
b - Searing Ray           Conj           100%       2d8       1%          2
c - Dazzling Flash        Conj/Hex       100%       N/A       1%          3
d - Fulminant Prism       Conj/Hex       33%        3d16      1%          4
e - Iskenderun's Mystic   Conj/Tloc      67%        2d14      1%          4
f - Foxfire               Conj/Fire      100%       2x1d9     1%          1
g - Ensorcelled Hibernat  Hex/Ice        100%       N/A       1%          2
h - Mephitic Cloud        Conj/Pois/Air  67%        N/A       1%          3
i - Confusing Touch       Hex            51%        N/A       1%          3
j - Lee's Rapid Deconstr  Erth           25%        3d14*     5%          5
Your spell library was empty.

Dungeon Overview and Level Annotations

Branches:
Dungeon (10/15)            Temple (1/1) D:7            Lair (1/5) D:9
 Bailey (visited)           IceCv (1/1)
    Orc: D:9-12

Altars:
Ashenzari
Cheibriados
Dithmenos
Elyvilon
Fedhas
Gozag
Hepliaklqana
Nemelex Xobeh
Okawaru
Qazlal
Ru
Trog
Uskayaw
Wu Jian
Xom
Yredelemnul
Zin
The Shining One

Shops:
D:3 =   D:4 :   D:5 =   D:9 *


Innate Abilities, Weirdness & Mutations

You are immune to sickness and miasma.
You are immune to poison.
Your flesh is very heat resistant. (rF++)
You are vulnerable to cold. (rC-)
You float through the air rather than walking.
You learn spells naturally, not from books.
Your magical power is your life essence.
You have superior vitality. (+4 MHP)


Message History

(Press . to maintain the ray.)
The slime creature hits you!
The searing ray hits the slime creature!
The slime creature is heavily wounded.
The slime creature hits you but does no damage.
The searing ray hits the slime creature!
The slime creature is heavily wounded.
The slime creature hits you but does no damage.
The searing ray hits the slime creature!
The slime creature is severely wounded.
The searing ray hits the great orb of eyes simulacrum.
The great orb of eyes simulacrum is moderately damaged.
You finish channelling your searing ray.
The slime creature hits you!
* * * LOW HITPOINT WARNING * * *
You feel much better. The slime creature hits you!
You feel yourself speed up.
The slime creature hits you but does no damage.
Casting: Searing Ray (safe; 1% risk of failure)
Confirm with . or Enter, or press ? or * to list all spells.
Aiming: Searing Ray (safe; 1% risk of failure)
Press: ? - help, Shift-Dir - straight line, f/p - slime creature
Aim: a slime creature (severely wounded, 96% to hit)
You feel a surge of power!
The searing ray hits the slime creature!
The slime creature is almost dead.
The searing ray hits the great orb of eyes simulacrum but does no damage.
The great orb of eyes simulacrum is moderately damaged. (Press . to maintain the ray.)
The slime creature hits you.
The searing ray hits the slime creature!
You kill the slime creature!
The searing ray hits the great orb of eyes simulacrum!
The great orb of eyes simulacrum is heavily damaged.
The searing ray hits the great orb of eyes simulacrum but does no damage.
The great orb of eyes simulacrum is heavily damaged.
The great orb of eyes simulacrum bites you.
* * * LOW HITPOINT WARNING * * *
The great orb of eyes simulacrum freezes you!!
You die...

##..# #..#
#..# ##.##
#.Z# ###
#..#
##.####.##
#...##..#
#∩∩.@Z..#
#...##..#
##.####.#
### #..#
#..# ##..
..# ..#


You could see a great orb of eyes simulacrum.

Vanquished Creatures
  An orc warlord (Bailey)
  3 slime creatures
  4 cane toads (Lair:1)
  2 komodo dragons (D:9)
  A hornet (D:10)
  A vampire (D:10)
  A wyvern (Lair:1)
  7 yaks
  A steam dragon (D:10)
  Menkaure (D:6)
  An acid dragon (D:9)
  A great orb of eyes simulacrum (IceCv)
  5 black bears
  16 orc warriors
  An ice beast (D:5)
  3 wolves (Lair:1)
  A slime creature simulacrum (IceCv)
  2 phantoms
  3 kobold brigands
  9 bullfrogs
  A scorpion (D:5)
  6 wights
  7 killer bees
  3 howler monkeys
  2 lava snakes (D:10)
  2 hounds
  A jelly (D:4)
  A gnoll bouda (D:8)
  6 orc priests
  4 iguanas
  Natasha (twice) (D:2)
  10 orc wizards
  10 gnolls
  9 adders
  4 shadow imps
  A worm (D:2)
  3 dart slugs (D:2)
  41 orcs
  9 ball pythons
  6 endoplasms
  7 giant cockroaches
  18 goblins
  20 hobgoblins
  3 jackals (D:2)
  5 quokkas
  9 bats
  3 frilled lizards
  19 kobolds
  11 rats
287 creatures vanquished.

Vanquished Creatures (others)
  An orc wizard (D:6)
  171 foxfires
  8 fulminant prisms (Bailey)
180 creatures vanquished.

Grand Total: 467 creatures vanquished

Notes
Turn   | Place    | Note
-------+----------+-------------------------------------------
     0 | D:1      | Gelion the Djinni Conjurer began the quest for the Orb.
     0 | D:1      | Gelion set off with the following spells memorised: Magic
                  | Dart, Searing Ray, Dazzling Flash, Fulminant Prism,
                  | Iskenderun's Mystic Blast.
     0 | D:1      | Reached XP level 1. HP: 15/15 MP: 0/0
   152 | D:1      | Reached XP level 2. HP: 21/22 MP: 0/0
   176 | D:1      | Reached skill level 1 in Fighting
   343 | D:1      | Reached XP level 3. HP: 14/27 MP: 0/0
   343 | D:1      | Learned a level 1 spell: Foxfire
   813 | D:2      | Reached skill level 2 in Fighting
   978 | D:2      | Reached XP level 4. HP: 30/33 MP: 0/0
  1023 | D:2      | Noticed Natasha
  1029 | D:2      | Killed Natasha
  1246 | D:2      | Noticed Natasha
  1251 | D:2      | Killed Natasha
  1252 | D:2      | Reached XP level 5. HP: 36/40 MP: 0/0
  1252 | D:2      | Learned a level 2 spell: Ensorcelled Hibernation
  1336 | D:2      | Reached skill level 3 in Fighting
  1833 | D:3      | Noticed a black bear
  1843 | D:3      | Killed a black bear
  1844 | D:3      | Reached XP level 6. HP: 37/47 MP: 0/0
  2040 | D:3      | Found Oruxzik's One-of-a-Kind Rings.
  2096 | D:3      | Found a white marble altar of Elyvilon.
  2134 | D:3      | Reached skill level 4 in Fighting
  2153 | D:3      | Identified the +6 leather armour of Circular Logic {Stlth+}
  2191 | D:3      | Found a faded altar of an unknown god.
  2250 | D:3      | Identified the ring "Cupeuk" {Ice +Blink Int+2}
  3008 | D:4      | Reached skill level 1 in Staves
  3051 | D:4      | Reached XP level 7. HP: 51/53 MP: 0/0
  3051 | D:4      | Learned a level 3 spell: Mephitic Cloud
  3399 | D:4      | Found Ruebaz's Book Boutique.
  3417 | D:4      | Reached skill level 5 in Spellcasting
  3417 | D:4      | Reached skill level 5 in Conjurations
  3417 | D:4      | Reached skill level 5 in Hexes
  3417 | D:4      | Reached skill level 5 in Summonings
  3417 | D:4      | Reached skill level 5 in Necromancy
  3417 | D:4      | Reached skill level 5 in Translocations
  3417 | D:4      | Reached skill level 5 in Transmutations
  3417 | D:4      | Reached skill level 5 in Fire Magic
  3417 | D:4      | Reached skill level 5 in Ice Magic
  3417 | D:4      | Reached skill level 5 in Air Magic
  3417 | D:4      | Reached skill level 5 in Earth Magic
  3417 | D:4      | Reached skill level 5 in Poison Magic
  3572 | D:4      | Found a sacrificial altar of Ru.
  4001 | D:5      | Entered Level 5 of the Dungeon
  4008 | D:5      | Reached skill level 5 in Fighting
  4176 | D:5      | Reached XP level 8. HP: 53/59 MP: 0/0
  4424 | D:5      | Noticed a yak
  4431 | D:5      | Noticed a yak
  4434 | D:5      | Noticed a yak
  4436 | D:5      | Noticed a yak
  4457 | D:5      | Killed a yak
  4458 | D:5      | Reached skill level 6 in Fighting
  4460 | D:5      | Killed a yak
  4461 | D:5      | Reached XP level 9. HP: 40/67 MP: 0/0
  4461 | D:5      | Learned a level 3 spell: Confusing Touch
  4671 | D:5      | Found Pedies's Jewellery Shop.
  4988 | D:6      | Reached skill level 7 in Fighting
  4988 | D:6      | Reached skill level 5 in Staves
  5110 | D:6      | Noticed Menkaure
  5115 | D:6      | Killed Menkaure
  6329 | D:7      | Found a staircase to the Ecumenical Temple.
  6461 | Temple   | Entered the Ecumenical Temple
  6787 | D:8      | Reached skill level 8 in Fighting
  6807 | D:8      | Reached XP level 10. HP: 17/76 MP: 0/0
  7658 | Bailey   | Identified the "Tol War"
  7671 | D:9      | Found Corghuen's Assorted Antiques.
  8025 | D:9      | Found a flagged portal.
  8032 | Bailey   | Entered a bailey
  8381 | Bailey   | Reached skill level 9 in Fighting
  9014 | Bailey   | Identified the +0 falchion of the Foremost Friars {spect,
                  | rElec Int+2}
  9014 | Bailey   | Noticed an orc warlord
  9088 | Bailey   | Killed an orc warlord
  9089 | Bailey   | Reached XP level 11. HP: 34/85 MP: 0/0
  9089 | Bailey   | Learned a level 5 spell: Lee's Rapid Deconstruction
  9368 | Bailey   | Acquired 481 gold pieces
  9567 | D:5      | Bought the amulet "Jaesuops" {Reflect rPois rCorr SH+5
                  | Stlth+} for 644 gold pieces
 10214 | D:9      | Reached skill level 10 in Fighting
 10607 | D:9      | Found a staircase to the Lair.
 11056 | D:10     | Entered Level 10 of the Dungeon
 11841 | D:10     | Found a broken altar of Ashenzari.
 12314 | D:10     | Found a shimmering altar of Xom.
 12418 | D:10     | Found a glowing golden altar of the Shining One.
 12893 | IceCv    | Identified the of Xooceamu
 12893 | IceCv    | Identified the "Cuyfoe"
 12893 | Lair:1   | Entered Level 1 of the Lair of Beasts
 13262 | Lair:1   | Reached skill level 11 in Fighting
 13501 | Lair:1   | Found a frozen archway.
 13513 | IceCv    | Entered an ice cave
 13669 | IceCv    | Mangled by a great orb of eyes simulacrum

Illustrated notes

Levels and vault maps discovered:
D:1:      amcnicky_arrival_flooded_fountain, layout_loops_ring,
          serial_bayou_pond_e, serial_park_tiny_2
D:2:      minmay_spotlight, layout_loops_ring, minmay_ruptured, uniq_natasha
D:3:      layout_basic, mainiacjoe_overflow_concentric_impassable,
          shapermc_ecumenical_altar_totnotflames, nicolae_shop_unique_rings
D:4:      layout_basic, nicolae_ru_the_path_less_chosen, serial_shops,
          nicolae_shop_tiny_real_fake_doors
D:5:      layout_rooms, serial_shops, kennysheep_mini
D:6:      layout_basic, uniq_menkaure
D:7:      layout_loops_ring, minmay_temple_entry_wispy, minmay_holes,
          amcnicky_mini_pool_small
D:8:      layout_basic
D:9:      layout_loops_corners, grunt_lair_entry_orc_guard_hut, enter_bailey_3,
          serial_shops, shop, minivault_1, kennysheep_cluttered_room
D:10:     layout_loops_ring, nicolae_overflow_hidden_temple,
          hangedman_decor_clover_reticule, kennysheep_small_spiral
Temple:   eino_temple_scatter_basement
Lair:1:   layout_hall_layers, portal_ice_cave_entry_pillars_2,
          nzn_sisyphean_effort
IceCv:    ice_cave_hellmonk_azure_passage

Skill      XL: |  1  2  3  4  5  6  7  8  9 10 11 |
---------------+----------------------------------+-----
Fighting       | 1 2 3 4 5 6 8 9 11 | 11.1
Spellcasting   | 4 5 6 7 8 |  8.2
Conjurations   | 4 5 6 7 8 |  8.2
Hexes          | 4 5 6 7 8 |  8.2
Summonings     | 4 5 6 7 8 |  8.2
Necromancy     | 4 5 6 7 8 |  8.2
Translocations | 4 5 6 7 8 |  8.2
Transmutations | 4 5 6 7 8 |  8.2
Fire Magic     | 4 5 6 7 8 |  8.2
Ice Magic      | 4 5 6 7 8 |  8.2
Air Magic      | 4 5 6 7 8 |  8.2
Earth Magic    | 4 5 6 7 8 |  8.2
Poison Magic   | 4 5 6 7 8 |  8.2
Staves         | 1 2 4 6 7 9 |  9.4
Dodging        | |  2.1
Stealth        | |  1.5

Action                     |  1- 3 |  4- 6 |  7- 9 | 10-12 || total
---------------------------+-------+-------+-------+-------++-------
  Melee: Staff             |       |       |     2 |     2 ||     4
   Cast: Magic Dart        |    82 |    74 |    95 |   180 ||   431
         Foxfire           |     4 |     8 |    60 |    27 ||    99
         Searing Ray       |     1 |     7 |    35 |    91 ||   134
         Ensorcelled Hiber |       |     1 |     1 |     1 ||     3
         Mephitic Cloud    |       |       |    19 |    32 ||    51
         Fulminant Prism   |       |       |       |     8 ||     8
         Lee's Rapid Decon |       |       |       |    17 ||    17
    Use: Scroll            |       |     7 |     6 |    12 ||    25
         Potion            |       |       |       |     4 ||     4
 Armour: Robe              |     3 |    10 |    47 |    70 ||   130
         Steam dragon scal |       |       |       |    52 ||    52
  Dodge: Dodged            |     2 |    10 |    44 |    65 ||   121
  Block: Other             |       |       |       |    15 ||    15

Table legend: (Time is in decaauts)
 A = Elapsed time spent in this place.
 B = Non-inter-level travel time spent in this place.
 C = Inter-level travel time spent in this place.
 D = Time resting spent in this place.
 E = Time spent auto-exploring this place.
 F = Levels seen in this place.
 G = Mean time per level.
                   A        B        C        D        E       F      G
               +--------+--------+--------+--------+--------+-----+--------+
         Total |  13671 |  12876 |    795 |    765 |  10217 |  14 |  976.5 |
       Dungeon |  11658 |  10922 |    736 |    380 |   9188 |  10 | 1165.8 |
        Temple |     23 |      1 |     22 |      0 |      0 |   1 |   23.0 |
          Lair |    456 |    419 |     37 |      0 |    296 |   1 |  456.0 |
        Bailey |   1378 |   1378 |      0 |    385 |    637 |   1 | 1378.0 |
      Ice Cave |    155 |    155 |      0 |      0 |     96 |   1 |  155.0 |
               +--------+--------+--------+--------+--------+-----+--------+

Top non-repeatable levels by time:
     D:9: 2295 daAuts
    D:10: 1579 daAuts
  Bailey: 1378 daAuts
     D:4: 1233 daAuts
     D:7: 1122 daAuts
     D:2: 1010 daAuts
     D:3: 982 daAuts
     D:5: 982 daAuts
     D:8: 901 daAuts
     D:6: 777 daAuts
     D:1: 773 daAuts
  Lair:1: 456 daAuts
   IceCv: 155 daAuts
  Temple: 23 daAuts
